Cogmind - Beta 14 @@@ ROGUE MODE // 2024.08.17 @ 01:43:31 Player: Tim Result: Destroyed by D-53 Grenadier with Mini Grenade Launcher Performance ------------- Evolutions (0) 0 Regions Visited (2) 400 Robots Destroyed (19) 95 Value Destroyed (437) 437 Prototype IDs (2) 40 Alien Tech Used (0) 0 Bonus (74) 74 TOTAL SCORE: 1046 Bonus ------- Follower Combat Kills 106 Friendly Fire -32 Cogmind --------- Core Integrity 0/250 Matter 278/300 Energy 250/250 System Corruption 0% Temperature Cool (0) Movement Walking (120) Location -10/Mines Parts ------- > --- POWER (1) -------- Ion Engine > --- PROPULSION (2) --- Aluminum Leg Aluminum Leg > --- UTILITY (2) ------ Medium Storage Unit Structural Scanner > --- WEAPON (2) ------- Assault Rifle Assault Rifle > --- INVENTORY (10) --- Light Ion Engine Light Ion Engine Aluminum Leg Carbon-fiber Leg Medium Storage Unit Seismic Detector ECM Suite Assault Rifle Mining Laser Peak State ------------ > --- POWER ------------ Ion Engine > --- PROPULSION ------- Aluminum Leg Aluminum Leg > --- UTILITY ---------- Medium Storage Unit Visual Processing Unit > --- WEAPON ----------- Assault Rifle Rocket Launcher > --- INVENTORY -------- Light Ion Engine Light Ion Engine Medium Storage Unit Structural Scanner Signal Interpreter Seismic Detector ECM Suite Assault Rifle Assault Rifle Mining Laser [Rating: 10] Favorites ----------- Power Ion Engine Engine Ion Engine Propulsion Aluminum Leg Leg Aluminum Leg Utility Medium Storage Unit Device Structural Scanner Storage Medium Storage Unit Processor Visual Processing Unit Weapon Assault Rifle Energy Gun Small Laser Ballistic Gun Assault Rifle Launcher Rocket Launcher Build | -11 -10 -10 ------- Run | Yrd Mat Min Slots Evolved . | . . . Power . | . . . Propulsion . | . . . Utility . | . . . Weapon . | . . . Parts Attached 25 | 7 9 9 Power 3 | 1 2 . Engine 3 | 1 2 . Core . | . . . Reactor . | . . . Propulsion 8 | 2 4 2 Treads . | . . . Leg 8 | 2 4 2 Wheel . | . . . Hover . | . . . Flight . | . . . Utility 7 | 1 2 4 Device 3 | . . 3 Storage 2 | 1 1 . Processor 2 | . 1 1 Hackware . | . . . Protection . | . . . Artifact . | . . . Weapon 7 | 3 1 3 Energy Gun 2 | 2 . . Energy Cannon . | . . . Ballistic Gun 4 | 1 1 2 Ballistic Cannon . | . . . Launcher 1 | . . 1 Special Weapon . | . . . Impact Weapon . | . . . Slashing Weapon . | . . . Piercing Weapon . | . . . Special Melee Weapon . | . . . Unidentified Prototypes . | . . . Parts Lost 6 | . 5 1 Power 2 | . 2 . Propulsion 2 | . 2 . Utility . | . . . Weapon 2 | . 1 1 Highest Loss Streak 4 | . 4 1 To Critical Strikes . | . . . Average Slot Usage (%) 96 | . 92 99 Engine 13 | . 12 14 Leg 27 | . 27 28 Device 5 | . . 9 Storage 14 | . 14 14 Processor 8 | . 12 4 Energy Gun 6 | . 14 . Ballistic Gun 13 | . 9 15 Launcher 6 | . . 11 Peak Build Rating 10 | 6 9 10 Average Rating 7 | 5 7 8 On Entrance 4 | . 6 8 Naked Turns . | . . . Heaviest Build 22 | 10 18 22 Greatest Support 20 | 20 20 20 Greatest Overweight (x) 3 | . 3 2 Average Overweight (x) . | . . . Largest Inventory Capacity 10 | 8 10 10 Average Capacity 9 | 7 8 10 Most Carried 10 | 5 10 10 Average Carried 7 | 2 7 9 Final Capacity 10 | 8 10 10 Final Carried 9 | 2 9 9 Class Distribution -------------------- 100% | Mutant Dominant Class ---------------- Mutant | -10/Materials Mutant | -10/Mines Resources | -11 -10 -10 ----------- Run | Yrd Mat Min Matter Collected 507 | 226 123 158 Remotely . | . . . Salvage Created 438 | . 329 109 Parts 38 | . 21 17 Haulers Intercepted . | . . . Recyclers Shooed . | . . . Parts Field Recycled . | . . . Retrieved Matter . | . . . Parts Self-Destructed . | . . . Prevented . | . . . Kills | -11 -10 -10 ------- Run | Yrd Mat Min Combat Hostiles Destroyed 14 | . 7 7 Guns 9 | . 6 3 AOE 5 | . 1 4 Classes Destroyed 5 | . 2 3 Worker 1 | . . 1 Tunneler 1 | . . 1 Watcher 3 | . 3 . Swarmer 6 | . . 6 Grunt 8 | . 7 1 Best Kill Streak 4 | . 4 3 Combat Bots Only 4 | . 4 3 Max Kills in Single Turn 2 | . 2 2 Gunslinging . | . . . Exploded 1 | . 1 1 Melee . | . . . Uniques/NPCs Destroyed . | . . . Combat | -11 -10 -10 -------- Run | Yrd Mat Min Hostile Shots Fired 74 | . 52 22 Missed 19 | . 10 9 Damage Taken 1035 | . 662 373 Core 265 | . 207 58 Absorbed by Shields . | . . . Core Remaining (%) 100 | 100 . . Volleys Fired 54 | . 44 10 Largest 2 | . 2 2 Hottest 60 | . 60 40 Shots Fired 82 | . 67 15 Gun 77 | . 67 10 Cannon . | . . . Launcher 5 | . . 5 Special . | . . . Kinetic 34 | . 24 10 Thermal 43 | . 43 . Explosive 5 | . . 5 Electromagnetic . | . . . Robot Hit Streak 10 | . 10 4 Robot Miss Streak 2 | . 1 2 Penetration Max . | . . . Secondary Targets . | . . . Shots Hit Robots 59 | . 54 5 Core Hits 30 | . 20 10 Critical Kills . | . . . Critical Parts Destroyed . | . . . Critical Strikes . | . . . Melee Attacks . | . . . Impact . | . . . Slashing . | . . . Piercing . | . . . Sneak Attacks . | . . . Combat Hostiles . | . . . Follow-up Attacks . | . . . Damage Inflicted 1007 | . 540 467 Guns 587 | . 531 56 Cannons . | . . . Explosions 411 | . . 411 Melee . | . . . Ramming 9 | . 9 . Kinetic 222 | . 166 56 Thermal 365 | . 365 . Explosive 411 | . . 411 Electromagnetic . | . . . Impact . | . . . Slashing . | . . . Piercing . | . . . Highest Corruption . | . . . Average Corruption . | . . . Corruption Purged . | . . . Corruption Blocked . | . . . Overload Shots . | . . . Overflow Damage 17 | . . 17 Projectiles . | . . . Explosions 17 | . . 17 Melee . | . . . Knockbacks . | . . . Impact . | . . . Kinetic . | . . . Secondary . | . . . Self-Inflicted Damage 39 | . . 39 Shots 1 | . . 1 Rammed . | . . . Targets Rammed 3 | . 3 . Kicked 3 | . 3 . Crushed . | . . . Highest Temperature 158 | . 158 . Average Temperature 71 | . 71 . Received Heat Transfer 333 | . 333 . Siege Activations . | . . . Robots Corrupted . | . . . Combat Hostiles . | . . . Parts Fried . | . . . Impact Corruptions . | . . . Robots Melted . | . . . Combat Hostiles . | . . . Parts Melted . | . . . Heat Transferred 850 | . 850 . Parts Sabotaged . | . . . Parts Stolen . | . . . Parts Stripped . | . . . Power Chain Reactions . | . . . Alert | -11 -10 -10 ------- Run | Yrd Mat Min Peak Influence 246 | . 246 202 Initial 1 | . . 1 Average 52 | . 49 67 Maximum Alert Level 1 | . 1 1 Low Security (%) 88 | 100 95 79 Level 1 11 | . 4 20 Level 2 . | . . . Level 3 . | . . . Level 4 . | . . . Level 5 . | . . . High Security . | . . . Max Security . | . . . Squads Dispatched 3 | . 3 . Investigation 1 | . 1 . Extermination . | . . . Reinforcement 2 | . 2 . Assault . | . . . Garrison . | . . . Intercept . | . . . Searches Triggered . | . . . Construction Impeded . | . . . Haulers Reinforced . | . . . Active Scanning Responses . | . . . Cargo Convoy Interrupts . | . . . Stealth | -11 -10 -10 --------- Run | Yrd Mat Min Distress Signals 2 | . 2 . Communications Jammed . | . . . Distress Signals . | . . . Times Spotted 28 | . 14 14 Peak Tracking Total 6 | . 6 4 Tactical Retreats 1 | . 1 . Traps | -11 -10 -10 ------- Run | Yrd Mat Min Traps Triggered . | . . . Indirectly . | . . . Trap Hack Attempts . | . . . Triggered . | . . . Disarmed . | . . . Reprogrammed . | . . . Reused . | . . . Traps Extracted . | . . . Installed . | . . . Triggered . | . . . Machines | -11 -10 -10 ---------- Run | Yrd Mat Min Machines Disabled 1 | . . 1 Max in Single Turn 1 | . . 1 Machines Repaired . | . . . Machines Dismantled . | . . . Machines Sabotaged . | . . . Overloaded Fab Kills . | . . . Hacking | -11 -10 -10 --------- Run | Yrd Mat Min Machines Accessed 5 | . 4 1 Terminals 5 | . 4 1 Fabricators . | . . . Repair Stations . | . . . Recycling Units . | . . . Scanalyzers . | . . . Garrison Access . | . . . Total Hacks 17 | . 15 2 Successful 8 | . 7 1 Failed 9 | . 8 1 Catastrophic 3 | . 3 . Database Lockouts . | . . . Manual 4 | . 4 . Terminals 17 | . 15 2 Fabricators . | . . . Repair Stations . | . . . Recycling Units . | . . . Scanalyzers . | . . . Garrison Access . | . . . Terminal Hacks 8 | . 7 1 Record 3 | . 3 . Prototype ID Bank 1 | . 1 . Branch Access Points 1 | . 1 . Unreport Threat 1 | . 1 . Locate Traps 1 | . 1 . Zone Layout 1 | . . 1 Fabricator Hacks . | . . . Repair Station Hacks . | . . . Recycling Unit Hacks . | . . . Scanalyzer . | . . . Garrison Access Hacks . | . . . Unauthorized Hacks . | . . . Terminals . | . . . Fabricators . | . . . Repair Stations . | . . . Recycling Units . | . . . Scanalyzers . | . . . Garrison Access . | . . . Data Cores Recovered . | . . . Used . | . . . Hacking Detections 5 | . 4 1 Full Trace Events 4 | . 4 . Feedback Events . | . . . Feedback Blocked . | . . . Robot Schematics Acquired . | . . . Robots Built . | . . . Authchips . | . . . Time . | . . . Total Robot Build Rating . | . . . Part Schematics Acquired . | . . . Parts Built . | . . . Authchips . | . . . Time . | . . . Total Part Build Rating . | . . . Parts Repaired . | . . . Time . | . . . Parts Recycled . | . . . Recycled Matter . | . . . Retrieved Matter . | . . . Retrieved Components . | . . . Parts Scanalyzed . | . . . Part Schematics Acquired . | . . . Parts Damaged . | . . . Bothacking | -11 -10 -10 ------------ Run | Yrd Mat Min Used RIF Installer . | . . . Robots Hacked . | . . . Non-combat . | . . . Combat . | . . . Robot Hacks Applied . | . . . Relay Couplers Released . | . . . Fabnet Peak Effective % . | . . . Robots Rewired . | . . . Allies Hacked . | . . . Hacks Repelled . | . . . Allies | -11 -10 -10 -------- Run | Yrd Mat Min Total Allies 5 | . . 5 Largest Group 5 | . . 5 Highest-Rated Group 86 | . . 86 Highest-Rated Ally 31 | . . 31 Total Orders . | . . . Ally Attacks 39 | . . 39 Total Damage 451 | . . 451 Kills 6 | . . 6 Allies Corrupted . | . . . Allies Melted . | . . . Intel | -11 -10 -10 ------- Run | Yrd Mat Min Robot Analysis Total . | . . . Derelict Logs Recovered . | . . . Drone Launches . | . . . Drone Recoveries . | . . . Exploration | -11 -10 -10 ------------- Run | Yrd Mat Min Turns Passed 2313 | 246 954 1113 Spaces Moved 1264 | 96 585 583 Core 23 | 22 1 . Treads . | . . . Legs 1241 | 74 584 583 Wheels . | . . . Hover . | . . . Flight . | . . . Fastest Speed 50 | 50 120 120 Average Speed 147 | 103 120 181 Slowest Speed 260 | 120 200 260 Overloaded Moves . | . . . Propulsion Burnouts . | . . . Robots Hopped . | . . . Cave-ins Triggered . | . . . Exploration Rate (%) 55 | 6 71 90 Regions Visited 2 Branch Regions 1 Pre-discovered Areas . | . . . Known Exits Taken 1 | . 1 . Unknown Exits Taken 1 | 1 . . Scrap Searched 1 | . . 1 Spaces Dug . | . . . Terrain Destroyed 46 | . . 46 Melee . | . . . Projectile . | . . . AOE 46 | . . 46 Terrain Rammed . | . . . Walls Destroyed . | . . . Machines Disabled . | . . . Actions | -11 -10 -10 --------- Run | Yrd Mat Min Total 1645 | 242 774 629 Wait 260 | 132 117 11 Move 1262 | 95 584 583 Hop . | . . . Pick Up 28 | 7 14 7 Fast Attach 1 | 1 . . Attach 18 | 6 6 6 Detach 4 | 1 . 3 Swap 6 | . 3 3 Drop 9 | . 3 6 Fire 54 | . 44 10 Melee . | . . . Ram . | . . . Kick 3 | . 3 . Crush . | . . . Escape Stasis . | . . . Rewire . | . . . Trap . | . . . Miscellaneous . | . . . Route ------- -11/Scrapyard -10/Materials (discovered 5 exits: [*Mat x3] / *Min x2) -10/Mines (discovered 4 exits: [*Mat x2] / [*Exi] / *Sub) History --------- Turn | Location | Event 3 | -11/Scrapyard | Discovered new exit (range 16) 247 | -11/Scrapyard | Entered Materials 305 | -10/Materials | Build established: Mutant 545 | -10/Materials | Identified exit to Mines 657 | -10/Materials | Discovered new exit (range 11) 836 | -10/Materials | Core integrity fell below 50% 870 | -10/Materials | Core integrity fell below 20% 895 | -10/Materials | Lost 4 parts (1p2n1w) 1045 | -10/Materials | Discovered new exit (range 14) 1091 | -10/Materials | Discovered new exit (range 18) 1201 | -10/Materials | Entered Mines 1279 | -10/Mines | Assisted by bots powering up and referring to "LRC-V3" 1354 | -10/Mines | Received a Rocket Launcher from a helpful Derelict 1823 | -10/Mines | Discovered new exit (range 15) 1851 | -10/Mines | Identified exit to Subcaves 1968 | -10/Mines | Discovered new exit (range 3) 2093 | -10/Mines | Deemed a non-threat by the Exiles lab entrance 2093 | -10/Mines | Discovered new exit (range 6) 2295 | -10/Mines | Discovered new exit (range 15) 2299 | -10/Mines | Assembled infested the area 2314 | -10/Mines | Destroyed by D-53 Grenadier with Mini Grenade Launcher Last Messages --------------- 02191_ K-01 Serf destroyed. 02191_ S-10 Pest destroyed. 02193_ K-01 Serf collects debris. 02201_ Acquired 8 matter. 02207_ Acquired 14 matter. 02213_ The unstable cave ceiling collapses. 02214_ Wheel crushed. 02220_ K-01 Serf collects debris. 02222_ Dropped Aluminum Leg. 02222_ Acquired Carbon-fiber Leg. 02225_ K-01 Serf collects debris. 02274_ The unstable cave ceiling collapses. 02280_ K-01 Serf collects debris. 02295_ EXIT=FOUND 02299_ ALERT: Infestation in the mines, dispatching Demolisher response squad. 02299_ D-53 Grenadier unfolds itself. 02302_ Laser Drill disabled. 02304_ Trooper 1a destroyed. 02308_ T-07 Excavator destroyed. 02308_ Rocket Launcher destroyed. Map ----- +----------------------------------------------------+ | ?????????????????????????????????????????????????? | | ?????????????????????????????????????????????????? | | ?????????????????????????????????????????????????? | | ?????????????????????????????????????????????????? | | ?????????????????????????????????????????????????? | | ?????????????????????????????????????????????????? | | ?????????????????????????????????????????????????? | | ?????????????????????????????????????????????????? | | ?????????????????????#